 Dungeon Crawl Stone Soup version 0.26.0-45-g9c1d065592 (webtiles) character file.

Game seed: 8637397135257184413

6930 jlumianski the Cleaver (level 10, -22/92 HPs)
             Began as a Palentonga Fighter on Jan 29, 2021.
             Was a Priest of the Shining One.
             Annihilated by an orc warrior
             ... wielding a +0 glaive
              (32 damage)
             ... in a bailey.
             The game lasted 00:49:39 (10741 turns).

jlumianski the Cleaver (Palentonga Fighter)        Turns: 10741, Time: 00:49:39

Health: -22/92     AC: 29    Str: 22    XL:     10   Next: 80%
Magic:  8/10       EV:  7    Int:  9    God:    the Shining One [***...]
Gold:   266        SH: 22    Dex: 10    Spells: 9/9 levels left

rFire    . . .     SeeInvis +   N - +3 war axe (venom)
rCold    . . .     Faith    .   c - +0 kite shield
rNeg     + . .     Spirit   .   Q - +0 swamp dragon scales
rPois    +         Reflect  +   i - +1 helmet
rElec    .         Harm     .   L - +2 cloak
rCorr    .         Rampage  .   b - +0 pair of gloves
Will     .....                  r - +2 barding
Stlth    +.........             S - amulet of reflection
HPRegen  0.25/turn              (no ring)
MPRegen  0.12/turn              (no ring)

@: divine shield, glowing, curled up
A: large, rugged brown scales 3, see invisible, deformed body, roll 1, armoured
tail, reflexive curl
a: Rolling Charge, Renounce Religion, Divine Shield


You were in a bailey.
You worshipped the Shining One.
The Shining One was most pleased with you.
You visited 2 branches of the dungeon, and saw 11 of its levels.
You also visited: Ossuary and Bailey.

You collected 446 gold pieces.
You spent 180 gold pieces at shops.

Inventory:

Hand Weapons
 d - a +1 mace of protection
 N - a +3 war axe of venom (weapon)
Missiles
 q - 3 boomerangs (quivered)
 v - 4 curare-tipped darts
 w - 35 poisoned darts
 P - 6 silver boomerangs
Armour
 b - a +0 pair of gloves (worn)
 c - a +0 kite shield (worn)
 i - a +1 helmet (worn)
 r - a +2 barding (worn)
 L - a +2 cloak (worn)
 Q - +0 swamp dragon scales (worn)
Jewellery
 S - an amulet of reflection (around neck)
Scrolls
 e - 16 scrolls of identify
 f - 5 scrolls of amnesia
 g - a scroll of acquirement {unknown}
 j - 11 scrolls of remove curse
 m - 2 scrolls of blinking
 x - a scroll of fog
 y - 2 scrolls of teleportation
 F - a scroll of fear
Potions
 a - a potion of mutation {unknown}
 h - a potion of brilliance
 n - a potion of magic {unknown}
 p - a potion of flight
 t - 3 potions of lignification
 u - 8 potions of curing
 z - a potion of ambrosia
 B - 4 potions of haste
 E - a potion of invisibility {unknown}
 H - a potion of berserk rage {unknown}
 J - a potion of resistance {unknown}


   Skills:
 + Level 7.5 Fighting
 + Level 10.0 Axes
 + Level 4.1 Throwing
 + Level 6.1 Armour
 + Level 4.5 Dodging
 + Level 0.5 Stealth
 + Level 6.0 Shields
 * Level 1.2 Invocations


You had 9 spell levels left.
You didn't know any spells.
Your spell library contained the following spells:

 Spells                   Type           Power        Failure   Level
 Magic Dart               Conj           0%           75%         1
 Sting                    Tmut/Pois      0%           75%         1
 Summon Small Mammal      Summ           0%           75%         1
 Blink                    Tloc           N/A          87%         2
 Call Imp                 Summ           0%           87%         2
 Poisonous Vapours        Pois/Air       0%           87%         2
 Slow                     Hex            0%           87%         2
 Confusing Touch          Hex            0%           98%         3
 Conjure Flame            Conj/Fire      0%           98%         3
 Gell's Gravitas          Tloc           0%           98%         3
 Ignite Poison            Fire/Tmut/Pois 0%           98%         3
 Mephitic Cloud           Conj/Pois/Air  0%           98%         3
 Ice Form                 Ice/Tmut       0%           100%        4
 Olgreb's Toxic Radiance  Pois           0%           100%        4
 Petrify                  Tmut/Erth      0%           100%        4
 Metabolic Englaciation   Hex/Ice        0%           100%        5
 Yara's Violent Unravell  Hex/Tmut       0%           100%        5
 Freezing Cloud           Conj/Ice/Air   0%           100%        6
 Ozocubu's Refrigeration  Ice            0%           100%        6
 Simulacrum               Ice/Necr       0%           100%        6


Dungeon Overview and Level Annotations

Branches:
Dungeon (10/15)            Temple (1/1) D:6            Lair (0/6) D:9
Ossuary (visited)          Bailey (1/1)
    Orc: D:9-12

Altars:
Ashenzari
Elyvilon
Fedhas
Kikubaaqudgha
Nemelex Xobeh
Okawaru
Sif Muna
Trog
Vehumet
Wu Jian
Xom
The Shining One

Shops:
D:4 [   D:6 [

Annotations:
D:8 3 runed translucent doors, 0HN0ES's ghost, novice TeTm; shummie's ghost, novice MiFi


Innate Abilities, Weirdness & Mutations

You are completely covered in rugged brown scales. (AC +3, +7% HP)
You have supernaturally acute eyesight. (SInv)
Armour fits poorly on your strangely shaped body.
You can roll at nearby foes to attack.
You have a long armoured tail.
You curl defensively after being hit.


Message History

The orc warrior no longer looks unusually strong.
You block the orc knight's attack. You block the orc warrior's attack.
The orc warrior hits you from afar with a +0 spear!
* * * LOW HITPOINT WARNING * * *
Okay, then.
Unknown command.
Unknown command.
Blink to where?
Press: ? - help, Dir - move target
As you read the scroll of blinking, it crumbles to dust.
An orc warrior comes into view. It is wielding a +0 glaive.
The orc warrior shouts!
The orc warrior moves out of view.
You block the orc warrior's attack.
You hit the orc warrior.
The orc warrior is lightly wounded.
The orc knight roars a battlecry!
The orc warrior goes into a battle-frenzy!
The orc warrior hits you with a +0 glaive!!
You die... #...............##.......##...... #..............##..#+#+#..##..... #..............#..## ##..#..... #........(....##.#########.##.... #.............##.+ #?.)# +.##.... #.......(.....##.###.8.# #.##.... #.............##.' oo.

+.##....
#.............##o####'####.##....
#..........(...#@.##∩o∩##..##....
#.........(....##..#)''##........
#...............##.oo..##........
#.......≈≈≈≈≈....##....##.....≈≈≈
#.....)≈≈#)#.≈....#######....≈.#.
#......≈##)∩#≈...............≈#∩.
#......≈..^..≈...............≈..^
#......≈##(##≈...............≈##)
#......≈≈#.#≈≈...............≈≈#)


You could see an orc knight (very poisoned) and 2 orc warriors.

Vanquished Creatures
  Maggie (D:7)
  A hornet (D:7)
  Sigmund (D:5)
  Eustachio (D:4)
  Menkaure (Ossuary)
  A steam dragon (D:10)
  A water moccasin (D:5)
  A sky beast (D:6)
  3 black bears
  4 ice beasts
  2 ogres
  9 orc warriors
  An eye of draining (D:10)
  A phantom (D:8)
  A necrophage (D:9)
  6 centaurs
  2 big kobolds
  3 bullfrogs
  A wyvern zombie (D:9)
  4 scorpions
  A wyvern skeleton (D:7)
  A water moccasin skeleton (D:7)
  9 killer bees (D:7)
  A howler monkey (D:7)
  12 wights
  3 centaur zombies
  A bullfrog zombie (D:9)
  A jelly (D:10)
  A quasit (D:9)
  A centaur skeleton (D:8)
  5 orc priests
  2 bullfrog skeletons
  A hound (D:9)
  Crazy Yiuf (D:6)
  A human zombie (Ossuary)
  A gnoll shaman (D:7)
  5 orc wizards
  3 iguanas
  6 worker ants
  3 ogre zombies (Ossuary)
  8 mummies
  A hound skeleton (D:8)
  A hound zombie (D:8)
  Robin (D:3)
  A worker ant zombie (D:7)
  8 gnolls
  15 adders
  3 shadow imps
  3 white imps
  An adder skeleton (D:4)
  5 adder zombies (Ossuary)
  3 dart slugs
  A worm (D:2)
  4 leopard geckos
  39 orcs
  5 giant cockroaches
  16 goblins
  12 hobgoblins
  13 jackals
  6 quokkas
  2 ball pythons
  11 bats
  3 frilled lizards
  A giant cockroach zombie (D:6)
  4 goblin zombies (Ossuary)
  8 hobgoblin zombies (Ossuary)
  16 kobolds
  A kobold zombie (Ossuary)
  An orc zombie (Ossuary)
  2 quokka zombies (Ossuary)
  5 rats
  3 rat zombies (Ossuary)
307 creatures vanquished.

Vanquished Creatures (others)
  A quokka (D:6)
  A bush (D:7)
  18 fungi (D:9)
  28 plants
  8 withered plants
56 creatures vanquished.

Grand Total: 363 creatures vanquished

Notes
Turn   | Place    | Note
-------+----------+-------------------------------------------
     0 | D:1      | jlumianski the Palentonga Fighter began the quest for the
                  | Orb.
     0 | D:1      | Reached XP level 1. HP: 20/20 MP: 1/1
   270 | D:1      | Reached XP level 2. HP: 27/27 MP: 2/2
   831 | D:2      | Found an ornate altar of the Wu Jian Council.
   875 | D:2      | Reached XP level 3. HP: 29/33 MP: 3/3
  1013 | D:1      | Reached skill level 5 in Fighting
  1013 | D:1      | Reached skill level 4 in Axes
  1013 | D:1      | Reached XP level 4. HP: 8/44 MP: 4/4
  1338 | D:2      | Found a shimmering blue altar of Sif Muna.
  1357 | D:2      | Identified Sif Muna's Incunabulum of Creation
  1536 | D:2      | Found a bloodstained altar of Trog.
  1645 | D:2      | You fall into a shaft and drop 1 floor!
  1701 | D:3      | Noticed a bullfrog
  1711 | D:3      | Killed a bullfrog
  1712 | D:3      | Reached XP level 5. HP: 26/51 MP: 5/5
  2920 | D:3      | Noticed Robin
  2992 | D:3      | Killed Robin
  2993 | D:3      | Reached skill level 5 in Axes
  2993 | D:3      | Reached XP level 6. HP: 49/59 MP: 6/6
  3536 | D:4      | Noticed Eustachio
  3557 | D:4      | Killed Eustachio
  3648 | D:4      | Found Omoi's Armour Boutique.
  3786 | D:5      | Entered Level 5 of the Dungeon
  3793 | D:5      | Noticed an ice beast
  3818 | D:4      | Killed an ice beast
  3819 | D:4      | Gained mutation: You curl defensively after being hit.
                  | [Palentonga growth]
  3819 | D:4      | Reached XP level 7. HP: 51/66 MP: 7/7
  3922 | D:5      | Reached skill level 5 in Armour
  3936 | D:5      | Noticed Sigmund
  3947 | D:5      | Killed Sigmund
  3955 | D:5      | Reached skill level 6 in Axes
  4525 | D:4      | Reached XP level 8. HP: 74/74 MP: 8/8
  4938 | D:6      | Reached skill level 5 in Shields
  4966 | D:6      | Found a sand-covered staircase.
  4972 | Ossuary  | Entered an ossuary
  5651 | Ossuary  | Noticed Menkaure
  5681 | Ossuary  | Killed Menkaure
  5682 | Ossuary  | Reached skill level 7 in Axes
  6025 | D:6      | Found Cuilieju's Antique Armour Emporium.
  6036 | D:6      | Bought a steaming scale mail for 180 gold pieces
  6036 | D:6      | Identified the +1 scale mail of Ennui {Harm Str+3} (You
                  | bought it in a shop on level 6 of the Dungeon)
  6049 | D:6      | Found a radiant altar of Vehumet.
  6591 | D:5      | Reached XP level 9. HP: 80/80 MP: 9/9
  7148 | D:6      | Found a white marble altar of Elyvilon.
  7219 | D:6      | Found a runed translucent door.
  7219 | D:6      | Noticed Crazy Yiuf
  7228 | D:6      | Killed Crazy Yiuf
  7377 | D:6      | Found a staircase to the Ecumenical Temple.
  7387 | Temple   | Entered the Ecumenical Temple
  7406 | Temple   | Became a worshipper of the Shining One
  7618 | D:8      | Found a runed translucent gate.
  7618 | D:8      | Found a runed translucent gate.
  7618 | D:8      | Found a runed translucent gate.
  7624 | D:8      | Noticed 0HN0ES's ghost (novice TeTm)
  7624 | D:8      | Noticed shummie's ghost (novice MiFi)
  7774 | D:7      | Reached skill level 8 in Axes
  7810 | D:7      | Reached * piety under the Shining One
  8774 | D:7      | Found a blossoming altar of Fedhas.
  8777 | D:7      | Noticed Maggie
  8826 | D:7      | Killed Maggie
  8827 | D:7      | Reached XP level 10. HP: 66/89 MP: 10/10
  9169 | D:7      | Reached skill level 9 in Axes
  9758 | D:8      | Reached ** piety under the Shining One
  9851 | D:9      | Found a staircase to the Lair.
 10076 | D:9      | Found an iron altar of Okawaru.
 10140 | D:9      | Reached *** piety under the Shining One
 10226 | D:10     | Entered Level 10 of the Dungeon
 10286 | D:10     | Reached skill level 1 in Invocations
 10328 | D:10     | Found a flagged portal.
 10341 | D:10     | Reached skill level 10 in Axes
 10353 | Bailey   | Entered a bailey
 10723 | Bailey   | Noticed an orc knight
 10741 | Bailey   | Annihilated by an orc warrior

Illustrated notes

Levels and vault maps discovered:
D:1:      dpeg_arrival_rooms_with_view, layout_basic
D:2:      layout_loops_cross, nzn_wu_jian_council_hall,
          nzn_overflow_gifts_of_might_and_magic
D:3:      layout_basic, uniq_robin
D:4:      layout_basic, serial_shops, shop, grunt_ministairs_1,
          hangedman_decor_riveting, kennysheep_generic_room_15, uniq_eustachio
D:5:      layout_loops_ring, minmay_chambers_of_fives, uniq_sigmund
D:6:      layout_rooms, elyvilon_altar_4, vehumet_crystals,
          minmay_temple_entry_poolview, serial_shops, shop_fountains,
          enter_ossuary_5, uniq_crazy_yiuf_cottage
D:7:      layout_basic, chequers_big_river, fedhas_bush_and_centaur_altar,
          uniq_maggie
D:8:      layout_rooms, gammafunk_ghost_cemetery, minmay_misc_feat_doors
D:9:      layout_cave_pools, okawaru_gym_becter, grunt_lair_entry_orc_guard_hut,
          basic_altar, serial_undead, serial_undead_d, serial_undead_c,
          serial_undead_f, serial_undead_c, zaba_antful_of_joy
D:10:     layout_rooms, enter_bailey_3
Temple:   nicolae_temple_elliptical
Bailey:   bailey_polearm_2, bailey

Skill      XL: |  1  2  3  4  5  6  7  8  9 10 |
---------------+-------------------------------+-----
Armour         | 3 4 5 6 |  6.1
Fighting       | 5 6 7 |  7.5
Axes           | 4 5 6 7 8 10 | 10.0
Throwing       | 3 4 |  4.1
Dodging        | 3 4 |  4.5
Shields        | 4 5 6 |  6.0
Invocations    | 1 |  1.2
Stealth        | |  0.5

Action                   |  1- 3 |  4- 6 |  7- 9 | 10-12 || total
-------------------------+-------+-------+-------+-------++-------
Melee: War axe           |    61 |   189 |   407 |   155 ||   812
       Tailslap          |     5 |    20 |    60 |    21 ||   106
Throw: Stone             |     4 |     9 |       |       ||    13
       Boomerang         |       |    16 |    33 |     2 ||    51
       Dart              |       |       |     8 |     1 ||     9
Invok: Divine Shield     |       |       |       |     2 ||     2
 Abil: Rolling Charge    |    15 |    29 |    39 |    21 ||   104
  Use: Potion            |     1 |     2 |     7 |     2 ||    12
       Scroll            |       |     2 |    10 |     8 ||    20
Armor: Scale mail        |    40 |    77 |   184 |       ||   301
       Skin              |       |       |     4 |       ||     4
       Swamp dragon scal |       |       |       |    71 ||    71
Dodge: Dodged            |    14 |    49 |    69 |    41 ||   173
Block: Kite shield       |    29 |    95 |   204 |   156 ||   484
       Reflection        |       |       |       |    53 ||    53
